 Dungeon Crawl Stone Soup version 0.27-a0-1591-gc56fcc985a (console) character file.

Game seed: 16182256943826156672

617 FIQ the Skirmisher (level 7, -3/53 HPs)
             Began as a Djinni Fire Elementalist on July 19, 2021.
             Slain by a gnoll (11 damage)
             ... on level 6 of the Dungeon.
             The game lasted 00:08:35 (5841 turns).

FIQ the Skirmisher (Djinni Fire Elementalist)       Turns: 5841, Time: 00:08:35

Health: -3/53      AC:  3    Str:  7    XL:     7   Next: 74%
Gold:   193        EV: 13    Int: 19    God:
                   SH:  0    Dex: 13

rFire    + + .     SeeInvis .   (no weapon)
rCold    x . .     Faith    .   (no shield)
rNeg     . . .     Spirit   .   a - +0 robe
rPois    ∞         Reflect  .   m - +0 helmet
rElec    .         Harm     .   (no cloak)
rCorr    .         Rampage  .   (no gloves)
Will     .....                  (boots unavailable)
Stlth    ++........             (no amulet)
HPRegen  0.17/turn              (no ring)
MPRegen  0.00/turn              (no ring)

@: flying
A: sickness immunity, fire resistance 2, cold vulnerability 1, float, innate
caster, hp casting, extra vitality 1
a: no special abilities


You were on level 6 of the Dungeon.
You visited 1 branch of the dungeon, and saw 5 of its levels.

You collected 193 gold pieces.

Inventory:

Missiles
 g - 6 boomerangs of dispersal
Armour
 a - a +0 robe (worn)
 m - a +0 helmet (worn)
Jewellery
 j - an amulet of reflection
Wands
 o - a wand of flame (19)
Scrolls
 e - a scroll of fear {unknown}
 h - a scroll of identify {unknown}
 k - a scroll of fog {unknown}
 l - a scroll of immolation {unknown}
 n - a scroll of blinking {unknown}
Potions
 b - a potion of berserk rage {unknown}
 c - a potion of curing {unknown}
 d - 2 potions of haste {unknown}
 f - 2 potions of brilliance {unknown}
 i - a potion of mutation {unknown}
 p - a potion of ambrosia {unknown}


   Skills:
 * Level 4.7 Fighting
 + Level 4.3 Dodging
 - Level 1.5 Stealth
 * Level 4.4 Spellcasting


You couldn't memorise any spells.
You knew the following spells:

 Your Spells              Type           Power      Damage    Failure   Level
a - Foxfire               Conj/Fire      84%        2x1d8     1%          1
b - Conjure Flame         Conj/Fire      21%        6-21      6%          3
c - Inner Flame           Hex/Fire       21%        N/A       6%          3
d - Sticky Flame          Conj/Fire      21%        2d4       21%         4
e - Fireball              Conj/Fire      10%        3d6       50%         5
f - Magic Dart            Conj           84%        1d7       1%          1
g - Slow                  Hex            21%        N/A       3%          2
h - Poisonous Vapours     Pois/Air       42%        N/A       3%          2
Your spell library was empty.

Dungeon Overview and Level Annotations

Branches:
Dungeon (6/15)             Temple (0/1) D:5

Altars:
Dithmenos
Sif Muna


Innate Abilities, Weirdness & Mutations

You are immune to sickness and miasma.
You are immune to poison.
Your flesh is very heat resistant. (rF++)
You are vulnerable to cold. (rC-)
You float through the air rather than walking.
You learn spells naturally, not from books.
Your magical power is your life essence.
You have superior vitality. (+4 HP)


Message History

Casting: Foxfire (safe; 1% risk of failure)
Confirm with . or Enter, or press ? or * to list all spells.
Okay, then.
Unknown command.
Casting: Foxfire (safe; 1% risk of failure)
Confirm with . or Enter, or press ? or * to list all spells.
Aiming: Poisonous Vapours (safe; 3% risk of failure)
Press: ? - help, Dir - move target, f - gnoll
Aim: a gnoll, wielding a +0 scythe and wearing a +0 robe (asleep) Poisonous vapours surround the gnoll!
The gnoll is poisoned.
The gnoll shouts!
The gnoll barely misses you.
Casting: Poisonous Vapours (safe; 3% risk of failure)
Confirm with . or Enter, or press ? or * to list all spells.
Aiming: Poisonous Vapours (safe; 3% risk of failure)
Press: ? - help, Dir - move target, f/p - gnoll
Aim: a gnoll, wielding a +0 scythe and wearing a +0 robe (very poisoned) Poisonous vapours surround the gnoll!
The gnoll looks as sick as possible!
The gnoll shouts!
The gnoll hits you from afar with a +0 scythe! x2
Casting: Poisonous Vapours (safe; 3% risk of failure)
Confirm with . or Enter, or press ? or * to list all spells.
Aiming: Poisonous Vapours (safe; 3% risk of failure)
Press: ? - help, Dir - move target, f/p - gnoll
Aim: a gnoll, wielding a +0 scythe and wearing a +0 robe (lightly wounded, extremely poisoned) Poisonous vapours surround the gnoll!
The gnoll looks as sick as possible!
The gnoll hits you from afar with a +0 scythe!
* * * LOW HITPOINT WARNING * * *
The gnoll hits you from afar with a +0 scythe.
* * * LOW HITPOINT WARNING * * *
You kill the gnoll!
Casting: Poisonous Vapours (safe; 3% risk of failure)
Confirm with . or Enter, or press ? or * to list all spells.
Aiming: Poisonous Vapours (safe; 3% risk of failure)
Press: ? - help, Dir - move target, f - gnoll
Aim: a gnoll, wielding a +0 scythe and wearing a +0 robe Poisonous vapours surround the gnoll!
The gnoll is poisoned.
* * * LOW HITPOINT WARNING * * *
The gnoll hits you from afar with a +0 scythe!
You die...

########################
...................#(...
...................#....
.....................'....
..........g.........#....
......O@...........#....
...................#..##
...................#.##
.##.##...##..###)#####
############.##...######...
.....#.............#...#...#
.....#.............'...#####
......§.....§......#.......
.g..§§§......§.....#........


You could see an ogre and a gnoll (poisoned).

Vanquished Creatures
  An ice beast (D:5)
  A sky beast (D:6)
  A necrophage (D:6)
  A centaur (D:5)
  A phantom (D:6)
  An iguana (D:6)
  An orc wizard (D:5)
  2 hound zombies (D:5)
  3 adders
  2 gnolls (D:6)
  A shadow imp (D:5)
  An ufetubus (D:6)
  3 dart slugs
  4 orcs
  3 ball pythons (D:1)
  4 endoplasms
  3 goblins (D:1)
  5 hobgoblins
  8 jackals
  2 kobolds (D:2)
  2 quokkas (D:1)
  6 bats
  2 frilled lizards (D:1)
  4 rats
62 creatures vanquished.

Vanquished Creatures (others)
  390 foxfires
390 creatures vanquished.

Grand Total: 452 creatures vanquished

Notes
Turn   | Place    | Note
-------+----------+-------------------------------------------
     0 | D:1      | FIQ the Djinni Fire Elementalist began the quest for the
                  | Orb.
     0 | D:1      | Reached XP level 1. HP: 15/15 MP: 0/0
   416 | D:1      | Reached XP level 2. HP: 15/22 MP: 0/0
   658 | D:1      | Reached skill level 1 in Fighting
  1402 | D:1      | Reached XP level 3. HP: 25/27 MP: 0/0
  1402 | D:1      | Learned a level 1 spell: Magic Dart
  2973 | D:2      | Reached XP level 4. HP: 26/33 MP: 0/0
  3231 | D:2      | Found a faded altar of an unknown god.
  3790 | D:3      | You are sucked into a shaft and drop 2 floors!
  3790 | D:5      | Entered Level 5 of the Dungeon
  3983 | D:5      | Reached XP level 5. HP: 25/39 MP: 0/0
  3983 | D:5      | Learned a level 2 spell: Slow
  4112 | D:5      | Found a staircase to the Ecumenical Temple.
  4144 | D:5      | Noticed a centaur
  4148 | D:5      | Killed a centaur
  4149 | D:5      | Reached XP level 6. HP: 27/46 MP: 0/0
  4577 | D:5      | Noticed an ice beast
  4612 | D:5      | Killed an ice beast
  5029 | D:6      | Noticed a necrophage
  5116 | D:6      | Found a shadowy altar of Dithmenos.
  5129 | D:6      | Noticed an ogre
  5130 | D:6      | Noticed a sky beast
  5227 | D:6      | Killed a necrophage
  5228 | D:6      | Reached XP level 7. HP: 13/52 MP: 0/0
  5228 | D:6      | Learned a level 2 spell: Poisonous Vapours
  5841 | D:6      | Slain by a gnoll

Illustrated notes

Levels and vault maps discovered:
D:1:      saegor_arrival_under_anarchy, layout_basic
D:2:      layout_basic, dilly_ecumenical_altar_fadedgnrine
D:3:      layout_basic
D:5:      layout_loops_ring, lemuel_crystal_altar,
          minmay_temple_entry_from_below_a, serial_shops, kennysheep_little_box
D:6:      layout_gridville, grunt_dithmenos_smoke, lemuel_round_altar,
          sigmund_army

Skill      XL: |  1  2  3  4  5  6  7 |
---------------+----------------------+-----
Fighting       | 1 2 3 4 |  4.7
Spellcasting   | 3 4 |  4.4
Dodging        | 3 4 |  4.3
Stealth        | |  1.5

Action                   |  1- 3 |  4- 6 |  7- 9 || total
-------------------------+-------+-------+-------++-------
Melee: Unarmed           |       |       |     4 ||     4
 Cast: Foxfire           |   135 |    87 |    29 ||   251
       Sticky Flame      |       |     2 |       ||     2
       Magic Dart        |       |    12 |       ||    12
       Slow              |       |     8 |     1 ||     9
       Poisonous Vapours |       |       |     4 ||     4
  Use: Scroll            |       |     1 |       ||     1
Armor: Robe              |     2 |     9 |     3 ||    14
Dodge: Dodged            |    14 |    34 |     2 ||    50

Table legend: (Time is in decaauts)
 A = Elapsed time spent in this place.
 B = Non-inter-level travel time spent in this place.
 C = Inter-level travel time spent in this place.
 D = Time resting spent in this place.
 E = Time spent auto-exploring this place.
 F = Levels seen in this place.
 G = Mean time per level.
                   A        B        C        D        E       F      G
               +--------+--------+--------+--------+--------+-----+--------+
         Total |   5840 |   5776 |     64 |      0 |   5034 |   5 | 1168.0 |
       Dungeon |   5840 |   5776 |     64 |      0 |   5034 |   5 | 1168.0 |
               +--------+--------+--------+--------+--------+-----+--------+

Top non-repeatable levels by time:
     D:1: 2176 daAuts
     D:5: 1222 daAuts
     D:2: 1139 daAuts
     D:6: 829 daAuts
     D:3: 473 daAuts
